cohdb
Replays
Latest Replays
All Replays
Popular Replays
Top Player Replays
Match Explorer
How It Works
Community
CoH3 Stats
Reddit
Sign in to upload your games and track your stats! →
Sign in with Steam
Match 38480026
Unlisted
Match 38480026
Overview
Messages
Build Orders
End
Vickers Machine Gun Team
Construct Section Command Post
Dingo Light Scout Car
Infantry Section
Infantry Section
Selects Heavy Armor Battlegroup
Construct Platoon Command Post
Humber Armored Car
Royal Engineer Section
6-pounder Anti-tank Gun Team
Construct Field Infirmary
Selects Rigorous Vehicle Training
ML 3-inch Mortar Team
Construct Company Command Post
Selects Crusader AA Medium Tank
Selects UNKNOWN (2162094)
Churchill IV Heavy Tank
Royal Engineer Section
Selects Light Vehicle Withdraw and Refit
Selects Radio Net
Radio Net
LEV-Detahaven
RainbowDurr
HIMYNAMEISHO
ninjayas
0
0
Comments
sign in to comment!
No comments posted yet!